 Dungeon Crawl Stone Soup version 0.30-a0-137-gd8773701ce (webtiles) character file.

Game seed: 15405515688603787096

1761 night the Grappler (level 8, -14/74 HPs)
             Began as a Troll Fighter on Sept 21, 2022.
             Was a Believer of Cheibriados.
             Killed from afar by an electric eel (15 damage)
             ... with a bolt of electricity
             ... on level 7 of the Dungeon on Sept 22, 2022.
             The game lasted 00:14:48 (5884 turns).

night the Grappler (Troll Fighter)                  Turns: 5884, Time: 00:14:48

Health: -14/74     AC:  5    Str: 37    XL:     8   Next: 79%
Magic:  8/8        EV:  9    Int:  8    God:    Cheibriados [**....]
Gold:   450        SH:  9    Dex: 13    Spells: 1/7 levels left

rFire   . . .      SeeInvis .      - Unarmed
rCold   . . .      Faith    .    k - +0 kite shield
rNeg    . . .      Spirit   .    v - +1 animal skin
rPois   .          Reflect  .    (helmet restricted)
rElec   .          Harm     .    (no cloak)
rCorr   .          Rampage  .    (gloves unavailable)
Will    +....                    (boots unavailable)
Stlth   +.........               (no amulet)
HPRegen 1.02/turn                n - +6 ring of strength
MPRegen 0.11/turn                H - ring of willpower

@: very slow
A: large, unfitting armour, claws 3, regeneration 1, shaggy fur 1, tough skin 1
a: Renounce Religion, Bend Time


You were on level 7 of the Dungeon.
You worshipped Cheibriados.
Cheibriados was pleased with you.
You visited 2 branches of the dungeon, and saw 8 of its levels.

You collected 450 gold pieces.

Inventory:

Hand Weapons
 b - a +0 sling
Missiles
 e - 23 stones (quivered)
 l - 2 boomerangs
 m - 5 javelins
 y - 2 throwing nets
Armour
 a - a +0 robe
 k - a +0 kite shield (worn)
 v - a +1 animal skin (worn)
Jewellery
 n - a +6 ring of strength (left claw)
 H - a ring of willpower (right claw)
Wands
 x - a wand of charming (12)
 E - a wand of mindburst (12)
 M - a wand of digging (6)
Scrolls
 f - 2 scrolls of enchant weapon
 h - a scroll of enchant armour {unknown}
 i - 3 scrolls of teleportation
 j - 2 scrolls of vulnerability
 q - a scroll of brand weapon {unknown}
 s - 2 scrolls of amnesia {unknown}
 w - a scroll of noise {unknown}
 F - a scroll of fear {unknown}
 J - a scroll of blinking {unknown}
 L - a scroll of magic mapping {unknown}
Potions
 c - 2 potions of might
 d - 3 potions of attraction
 g - 3 potions of lignification
 o - 2 potions of ambrosia {unknown}
 p - a potion of flight {unknown}
 r - 2 potions of berserk rage {unknown}
 t - a potion of magic {unknown}
 u - 2 potions of brilliance {unknown}
 z - 4 potions of degeneration {unknown}
 A - a potion of haste {unknown}
 B - a potion of experience {unknown}
 C - a potion of resistance
 D - 2 potions of cancellation {unknown}
 G - a potion of curing {unknown}
 I - a potion of mutation {unknown}
 K - 2 potions of heal wounds {unknown}


   Skills:
 - Level 2.4 Fighting
 - Level 2.4 Dodging
 + Level 6.2 Shields
 - Level 8.5 Unarmed Combat
 + Level 3.0 Translocations
 + Level 1.4 Invocations


You had one spell level left.
You knew the following spells:

 Your Spells              Type           Power      Damage    Failure   Level
a - Blink                 Tloc           8%         N/A       38%         2
b - Manifold Assault      Tloc           4%         N/A       95%         4

Your spell library contained the following spells:

 Spells                   Type           Power      Damage    Failure   Level
 Cigotuvi's Dreadful Rot  Necr/Pois/Air  0%         N/A       80%         2
 Dazzling Flash           Conj/Hex       0%         N/A       95%         3
 Iskenderun's Mystic Bla  Conj/Tloc      2%         2d3       99%         4
 Dispel Undead            Necr           0%         3d6       100%        4
 Death Channel            Necr           0%         N/A       100%        6
 Starburst                Conj/Fire      0%         6d3       100%        6
 Storm Form               Tmut/Air       0%         N/A       100%        7


Dungeon Overview and Level Annotations

Branches:
Dungeon (7/15)             Temple (1/1) D:4

Altars:
Ashenzari
Cheibriados
Dithmenos
Elyvilon
Fedhas
Gozag
Kikubaaqudgha
Makhleb
Nemelex Xobeh
Okawaru
Qazlal
Ru
Trog
Uskayaw
Vehumet
Wu Jian
Xom
Yredelemnul
Zin
The Shining One

Shops:
D:3 [

Annotations:
D:3 3 runed translucent doors, trm's ghost, amateur OpCj
D:7 Maggie


Innate Abilities, Weirdness & Mutations

You are too large for most types of armour.
You have claws for hands.
Your natural rate of healing is unusually fast.
You are covered in fur. (AC +1)
You have tough skin. (AC +1)


Message History

You kill the iguana!
Cheibriados appreciates the change of pace.
Found an escape hatch in the floor.
Found a stone staircase leading down.
y - 2 throwing nets (gained 1)
You see here a +0 leather armour.
K - 2 fuming clear potions (gained 1)
Found a stone staircase leading up.
h - a scroll labelled HADACY ZULAE
There is a stone staircase leading up here.
You now have 416 gold pieces (gained 13).
s - 2 scrolls labelled WISIMY NIOSOTI (gained 1)
Found an escape hatch in the ceiling.
You now have 434 gold pieces (gained 18).
You now have 450 gold pieces (gained 16).
M - a wand of digging (6)
There is a stone staircase leading down here.
An electric eel comes into view.
The electric eel shoots out a bolt of lightning at you!
The bolt of electricity hits you! x2
The electric eel shoots out a bolt of lightning at you!
The bolt of electricity hits you! x2
You start resting.
HP restored.
The electric eel shoots out a bolt of lightning at you!
The bolt of electricity hits you!
The electric eel shoots out a bolt of lightning at you!
The bolt of electricity hits you. The bolt of electricity hits you!
The electric eel shoots out a bolt of lightning at you!
The bolt of electricity hits you! x2
Maggie the Vainglorious comes into view.
She is wielding a +0 glaive.
Maggie shouts!
The electric eel shoots out a bolt of lightning at you!
The bolt of electricity hits you. The bolt of electricity hits you!
* * * LOW HITPOINT WARNING * * *
The electric eel shoots out a bolt of lightning at you!
The bolt of electricity hits you!
* * * LOW HITPOINT WARNING * * *
The bolt of electricity hits you!
You die...

#..##### ..# #..##...
#.# #..##...
#.#########..##..#
#######.#..............#
........#.#######..###.#
≈≈≈≈≈≈≈.#.# #..###.#
......≈.#.# #...##.#
#.S@..# #....... #.≈...#
###.##.. #.≈.#.# #.####
#.≈##.# #####.# #.≈ ..#
#.....# #.≈ ### #.#####
.≈. #.# #.≈. #.# #.#


You could see an electric eel.

Vanquished Creatures
  Sigmund (D:2)
  2 centaurs (D:6)
  3 ogres
  A scorpion (D:3)
  A necrophage (D:6)
  4 wights (D:6)
  A gnoll bouda (D:6)
  An orc priest (D:6)
  5 hounds
  2 jellies
  Jessica (D:3)
  Ijyb (D:3)
  An orc wizard (D:6)
  5 iguanas
  Natasha (thrice) (D:4)
  Robin (D:3)
  10 gnolls
  7 adders
  5 worms
  3 dart slugs
  14 orcs
  2 bats (D:1)
  13 endoplasms
  A giant cockroach (D:1)
  18 goblins
  9 hobgoblins
  4 jackals (D:5)
  3 quokkas
  6 ball pythons
  4 frilled lizards
  6 kobolds
  8 rats
146 creatures vanquished.

Vanquished Creatures (others)
  A fungus (D:3)
  2 plants (D:3)
3 creatures vanquished.

Grand Total: 149 creatures vanquished

Notes
Turn   | Place    | Note
-------+----------+-------------------------------------------
     0 | D:1      | night the Troll Fighter began the quest for the Orb.
     0 | D:1      | Reached XP level 1. HP: 22/22 MP: 0/0
   141 | D:1      | Reached XP level 2. HP: 19/29 MP: 1/1
   341 | D:1      | Reached skill level 3 in Unarmed Combat
   528 | D:1      | Reached XP level 3. HP: 36/36 MP: 2/2
   760 | D:2      | Noticed Sigmund
   807 | D:2      | Killed Sigmund
   808 | D:2      | Reached skill level 4 in Unarmed Combat
   808 | D:2      | Reached XP level 4. HP: 20/44 MP: 3/3
   808 | D:2      | Reached XP level 5. HP: 23/50 MP: 4/4
  1677 | D:3      | Reached skill level 5 in Unarmed Combat
  1743 | D:3      | Noticed Robin
  1765 | D:3      | Killed Robin
  1802 | D:3      | Found a faded altar of an unknown god.
  1824 | D:3      | Noticed Jessica
  1828 | D:3      | Killed Jessica
  1829 | D:3      | Reached XP level 6. HP: 59/59 MP: 5/5
  1855 | D:3      | Noticed Ijyb
  1868 | D:3      | Killed Ijyb
  1958 | D:3      | Found a runed translucent gate.
  1959 | D:3      | Found a runed translucent gate.
  1960 | D:3      | Found a runed translucent gate.
  2148 | D:3      | Noticed trm's ghost (amateur OpCj)
  2250 | D:3      | Found Vorass's Armour Shop.
  2434 | D:4      | Reached skill level 6 in Unarmed Combat
  2801 | D:4      | Noticed Natasha
  2805 | D:4      | Killed Natasha
  2860 | D:4      | Noticed Natasha
  2866 | D:4      | Killed Natasha
  2867 | D:4      | Reached XP level 7. HP: 66/66 MP: 6/6
  2967 | D:4      | Noticed Natasha
  2971 | D:4      | Killed Natasha
  3089 | D:4      | Found a staircase to the Ecumenical Temple.
  3106 | Temple   | Entered the Ecumenical Temple
  3501 | Temple   | Became a worshipper of Cheibriados the Contemplative
  3505 | Temple   | Learned a level 2 spell: Blink
  3510 | Temple   | Learned a level 4 spell: Manifold Assault
  3676 | D:5      | Entered Level 5 of the Dungeon
  3912 | D:5      | Reached skill level 5 in Shields
  3920 | D:5      | Reached skill level 7 in Unarmed Combat
  3920 | D:5      | Reached skill level 1 in Translocations
  3937 | D:5      | Reached * piety under Cheibriados
  4609 | D:6      | Reached XP level 8. HP: 74/74 MP: 7/7
  4649 | D:6      | Reached skill level 2 in Translocations
  4651 | D:6      | Reached skill level 8 in Unarmed Combat
  4909 | D:6      | Reached ** piety under Cheibriados
  4927 | D:6      | Identified the +0 pair of boots "Janlyuk" {Regen+ Int+4
                  | Slay+3}
  5040 | D:6      | Reached skill level 1 in Invocations
  5884 | D:7      | Noticed Maggie
  5884 | D:7      | HP: 1/74 [electric eel/bolt of electricity (14)]
  5884 | D:7      | Killed from afar by an electric eel

Illustrated notes

Levels and vault maps discovered:
D:1:      minmay_arrival_glassed_features, layout_loops_cross, st_stairs_12,
          feat_on_display
D:2:      layout_loops_corners, uniq_sigmund
D:3:      layout_loops_ring, shapermc_ecumenical_altar_acropolis,
          gammafunk_ghost_icy, serial_shops, shop, minmay_between, uniq_ijyb,
          uniq_robin, uniq_jessica
D:4:      layout_cave_pods, minmay_temple_entry_glassed_door,
          kennysheep_flooded_box, uniq_natasha
D:5:      layout_loops_ring
D:6:      layout_loops_corners
D:7:      layout_loops_ring, nicolae_overflow_squiral, kennysheep_diamond,
          uniq_duvessa, uniq_maggie, uniq_joseph
Temple:   mainiacjoe_temple_cubbyholes

Skill      XL: |  1  2  3  4  5  6  7  8 |
---------------+-------------------------+-----
Shields        | 3 4 5 6 |  6.2
Unarmed Combat | 3 4 5 6 7 8 |  8.5
Translocations | 1 3 |  3.0
Invocations    | 1 |  1.4
Fighting       | |  2.4
Dodging        | |  2.4

Action                   |  1- 3 |  4- 6 |  7- 9 || total
-------------------------+-------+-------+-------++-------
Melee: Unarmed           |    85 |   174 |   152 ||   411
Throw: Stone             |     1 |    13 |       ||    14
  Use: Scroll            |       |       |     5 ||     5
 Stab: Sleeping          |     2 |       |       ||     2
Armor: Robe              |    16 |    11 |       ||    27
       Animal skin       |       |    34 |    14 ||    48
Dodge: Dodged            |    23 |    61 |    38 ||   122
Block: Kite shield       |    24 |    57 |    54 ||   135

Table legend: (Time is in decaauts)
 A = Elapsed time spent in this place.
 B = Non-inter-level travel time spent in this place.
 C = Inter-level travel time spent in this place.
 D = Time resting spent in this place.
 E = Time spent auto-exploring this place.
 F = Levels seen in this place.
 G = Mean time per level.
                   A        B        C        D        E       F      G
               +--------+--------+--------+--------+--------+-----+--------+
         Total |   6704 |   6379 |    325 |     64 |   5167 |   8 |  838.0 |
       Dungeon |   6247 |   6045 |    202 |     64 |   4881 |   7 |  892.4 |
        Temple |    457 |    334 |    123 |      0 |    286 |   1 |  457.0 |
               +--------+--------+--------+--------+--------+-----+--------+

Top non-repeatable levels by time:
     D:6: 1468 daAuts
     D:2: 912 daAuts
     D:4: 841 daAuts
     D:3: 831 daAuts
     D:5: 831 daAuts
     D:1: 686 daAuts
     D:7: 675 daAuts
  Temple: 457 daAuts
